 Dungeon Crawl Stone Soup version 0.20.1-1-g8b1a95d66d (webtiles) character file.

26737 Jynx the Scorcher (level 13, -8/63 HPs)
             Began as a Deep Elf Fire Elementalist on Dec 18, 2017.
             Was a High Priest of Vehumet.
             Mangled by a swamp worm (22 damage)
             ... on level 3 of the Lair of Beasts.
             The game lasted 00:48:45 (18327 turns).

Jynx the Scorcher (Deep Elf Fire Elementalist)     Turns: 18327, Time: 00:48:46

Health: -8/63      AC:  6    Str:  5    XL:     13   Next: 0%
Magic:  38/46      EV: 18    Int: 25    God:    Vehumet [*****.]
Gold:   837        SH:  0    Dex: 16    Spells: 12/36 levels left

rFire    . . .     SeeInvis +   U - staff of power
rCold    . . .     Gourm    .   (no shield)
rNeg     . . .     Faith    .   a - +0 robe
rPois    .         Spirit   .   (no helmet)
rElec    .         Reflect  .   r - +1 cloak
rCorr    .         Harm     .   j - +1 pair of gloves
MR       +....                  (no boots)
Stlth    ++........             w - amulet of magic regeneration
Regen    0.2/turn               t - ring of see invisible
MPRegen  0.5/turn               F - ring of wizardry

@: no status effects
A: no striking features
a: Renounce Religion


You were on level 3 of the Lair of Beasts.
You worshipped Vehumet.
Vehumet was extremely pleased with you.
You were not hungry.

You visited 3 branches of the dungeon, and saw 15 of its levels.
You also visited: Bailey.

You collected 837 gold pieces.

Inventory:

Armour
 a - a +0 robe (worn)
 j - a +1 pair of gloves (worn)
 r - a +1 cloak (worn)
Magical Staves
 U - an uncursed staff of power (weapon)
Jewellery
 t - a ring of see invisible (left hand)
 w - an amulet of magic regeneration (around neck)
 F - a ring of wizardry (right hand)
Wands
 B - a wand of lightning (8/15)
 C - a wand of flame (21/48)
 D - a wand of enslavement (13/24)
 J - a wand of random effects (23/48)
 N - a wand of acid (10/15)
 Q - a wand of lightning (5/15)
 S - a wand of iceblast (9/15)
 T - a wand of flame (35/48)
 Y - a wand of lightning (4/15)
Scrolls
 f - 9 scrolls of remove curse
 g - 2 scrolls of enchant weapon
 i - 4 scrolls of fear
 o - 10 scrolls of teleportation
 v - a scroll of identify
 y - 2 scrolls of enchant armour
 E - a scroll of blinking {unknown}
 I - a scroll of immolation {unknown}
 L - a scroll of amnesia {unknown}
 O - a scroll of magic mapping {unknown}
 V - a scroll of vulnerability {unknown}
Potions
 e - 2 potions of berserk rage {unknown}
 l - 7 potions of curing
 m - a potion of heal wounds
 n - 2 potions of cancellation
 p - a potion of agility {unknown}
 q - 2 potions of flight {unknown}
 u - a potion of lignification {unknown}
 x - 2 potions of mutation {unknown}
 z - 5 potions of haste {unknown}
 A - a potion of magic {unknown}
 G - 4 potions of might {unknown}
 K - 4 potions of degeneration {unknown}
 X - a potion of ambrosia {unknown}
 Z - a potion of brilliance {unknown}
Books
 b - a book of Flames

   Spells                             Type                      Level
   a - Flame Tongue                   Conjuration/Fire             1
   b - Throw Flame                    Conjuration/Fire             2
   c - Conjure Flame                  Conjuration/Fire             3
   d - Inner Flame                    Hexes/Fire                   3
   e - Sticky Flame                   Conjuration/Fire             4
   f - Fireball                       Conjuration/Fire             5
 h - a book of Air

   Spells                             Type                      Level
   a - Shock                          Conjuration/Air              1
   b - Swiftness                      Charms/Air                   2
   c - Static Discharge               Conjuration/Air              3
   d - Airstrike                      Air                          4
   e - Lightning Bolt                 Conjuration/Air              5
 H - a book of Callings

   Spells                             Type                      Level
   a - Summon Small Mammal            Summoning                    1
   b - Call Imp                       Summoning                    2
   c - Call Canine Familiar           Summoning                    3
   d - Summon Guardian Golem          Hexes/Summoning              3
   e - Summon Lightning Spire         Summoning/Air                4
   f - Summon Ice Beast               Ice/Summoning                4
 W - a book of Misfortune

   Spells                             Type                      Level
   a - Confusing Touch                Hexes                        1
   b - Confuse                        Hexes                        3
   c - Gell's Gravitas                Translocation                3
   d - Petrify                        Transmutation/Earth          4
   e - Metabolic Englaciation         Hexes/Ice                    5
   f - Yara's Violent Unravelling     Hexes/Transmutation          5
Miscellaneous
 P - a box of beasts
Comestibles
 c - 6 bread rations
 d - 16 fruits
 k - 10 meat rations
 s - 10 royal jellies
 M - 2 chunks of flesh


   Skills:
 + Level 8.0 Dodging
 - Level 2.4 Stealth
 - Level 12.4 Spellcasting
 + Level 10.8 Conjurations
 * Level 15.0 Fire Magic
 - Level 6.0 Air Magic
 + Level 5.9 Evocations


You had 12 spell levels left.
You knew the following spells:

 Your Spells              Type           Power        Failure   Level  Hunger
a - Flame Tongue          Conj/Fire      #####        0%          1    None
b - Conjure Flame         Conj/Fire      ######..     1%          3    None
c - Sticky Flame          Conj/Fire      ######..     1%          4    None
d - Swiftness             Chrm/Air       ####....     1%          2    None
e - Shock                 Conj/Air       ####         1%          1    None
f - Fireball              Conj/Fire      ######....   1%          5    ###....
g - Airstrike             Air            #####.....   1%          4    None
h - Iskenderun's Mystic   Conj           ######..     1%          4    None


Dungeon Overview and Level Annotations

Branches:
Dungeon (11/15)            Temple (1/1) D:5            Lair (3/6) D:9
  Snake (0/4) Lair:2          Orc (0/2) D:11
  Swamp: Lair:2-4    Shoals: Lair:2-4

Altars:
Elyvilon
Fedhas
Gozag
Hepliaklqana
Kikubaaqudgha
Nemelex Xobeh
Okawaru
Trog
Vehumet
Xom
Yredelemnul
Beogh

Shops:
D:5 =(!   D:8 =   D:9 ?[(%

Portals:
Trove: D:10 (give +3 fire dragon scales)


Message History

You feel your power returning.
You have reached level 13!
Casting: Sticky Flame
Confirm with . or Enter, or press ? or * to list all spells.
Aiming: Fireball
Press: ? - help, Shift-Dir - straight line, f - swamp worm
Aim: a swamp worm The fireball explodes!
The fireball engulfs the swamp worm.
The swamp worm is severely wounded.
Casting: Fireball
Confirm with . or Enter, or press ? or * to list all spells.
Aiming: Flame Tongue
Press: ? - help, Shift-Dir - straight line, f/p - swamp worm
Aim: a swamp worm (severely wounded)
The flame tongue hits the swamp worm.
The swamp worm is severely wounded.
The swamp worm bites you!
* * * LOW HITPOINT WARNING * * *
The swamp worm bites you!!
You die...

... ♣...##. ....♣ ♣♣......
......♣♣♣♣♣♣ ♣♣♣♣♣....##.
#..†....♣♣♣♣♣♣♣♣........##.
#....P...#♣......#.........
....###.#....#>...............
..# ##.##[...#.##..##.......#.
. ........w.#............###
..........@..............#.
............................
............................
...........................
.#.#+P.....................
.#..##.....#.##+#.#.....(. ...
#....#.## ##.. .. ......## # #


You could see a swamp worm.

Vanquished Creatures
  A vault guard (D:10)
  3 hydras
  2 two-headed ogres
  The ghost of jesusflecha the Basher, a journeyman GrFi of the Shining One (D:10)
  An orc knight (Bailey)
  3 black mambas
  4 spiny frogs
  2 trolls
  10 blink frogs
  6 hippogriffs
  A shadow (D:10)
  A vampire (D:9)
  A wyvern (Lair:3)
  3 hogs (D:7)
  The ghost of BreadTh the Thaumaturge, an amateur SpCj (D:3)
  29 yaks
  A human (D:7)
  2 basilisks
  4 hungry ghosts
  Menkaure (D:5)
  A soldier ant (D:11)
  12 water moccasins
  2 nagas (Lair:2)
  A swamp worm (Lair:3)
  6 porcupines (Lair:2)
  2 sky beasts
  10 orc warriors
  An ice beast (D:7)
  4 ogres
  6 wolves
  4 centaurs
  9 crocodiles
  3 big kobolds
  Blork the orc (D:5)
  11 bullfrogs
  2 gnoll sergeants (D:8)
  5 scorpions
  15 killer bees
  9 wights
  A howler monkey (D:6)
  2 vampire bats (D:4)
  6 electric eels
  5 crimson imps
  2 bullfrog zombies
  3 jellies
  7 hounds
  10 orc wizards
  5 orc priests
  Crazy Yiuf (D:2)
  A gnoll shaman (D:9)
  An iguana (D:7)
  3 centaur skeletons
  4 worker ants
  A killer bee zombie (D:8)
  A hound zombie (D:5)
  2 hound skeletons
  A howler monkey zombie (D:8)
  A worker ant zombie (D:11)
  Robin (D:3)
  10 adders
  26 gnolls
  A howler monkey skeleton (D:8)
  2 shadow imps
  An ooze (D:5)
  An adder skeleton (D:6)
  An adder zombie (D:5)
  5 dart slugs
  4 leopard geckos
  44 orcs
  8 bats
  A bat skeleton (D:4)
  4 bat zombies (D:4)
  3 giant cockroaches
  32 goblins
  7 hobgoblins
  3 jackals (D:8)
  5 quokkas
  A ball python (D:2)
  8 frilled lizards
  A jackal skeleton (D:4)
  18 kobolds
  A quokka skeleton (D:5)
  7 rats
  A fungus (Lair:2)
  2 plants (Lair:2)
436 creatures vanquished.

Vanquished Creatures (others)
  A bush (Lair:2)
  5 fungi
  9 plants
15 creatures vanquished.

Grand Total: 451 creatures vanquished

Notes
Turn   | Place    | Note
-------+----------+-------------------------------------------
     0 | D:1      | Jynx the Deep Elf Fire Elementalist began the quest for the Orb.
     0 | D:1      | Reached XP level 1. HP: 10/10 MP: 6/6
   220 | D:1      | Reached XP level 2. HP: 15/15 MP: 4/8
   739 | D:1      | Reached skill level 4 in Fire Magic
   739 | D:1      | Reached XP level 3. HP: 15/19 MP: 0/9
  1195 | D:2      | Found a sparkling altar of Nemelex Xobeh.
  1366 | D:2      | Found a bloodstained altar of Trog.
  1367 | D:2      | Found an opulent altar of Gozag.
  1492 | D:2      | Found a runed door.
  1634 | D:2      | Noticed Crazy Yiuf
  1655 | D:2      | Killed Crazy Yiuf
  1655 | D:2      | Reached XP level 4. HP: 1/24 MP: 2/11
  1944 | D:2      | Learned a level 3 spell: Conjure Flame
  1949 | D:2      | Learned a level 4 spell: Sticky Flame
  2096 | D:3      | Found a radiant altar of Vehumet.
  2096 | D:3      | Noticed Robin
  2119 | D:3      | Killed Robin
  2145 | D:3      | Reached skill level 5 in Fire Magic
  2347 | D:3      | Became a worshipper of Vehumet
  2521 | D:3      | Noticed BreadTh's ghost (amateur SpCj)
  2527 | D:3      | Killed BreadTh's ghost
  2527 | D:3      | Reached XP level 5. HP: 12/28 MP: 3/13
  2746 | D:3      | Reached XP level 6. HP: 32/32 MP: 12/14
  2835 | D:3      | Found a white marble altar of Elyvilon.
  3216 | D:4      | Reached skill level 6 in Fire Magic
  3319 | D:4      | Found a blossoming altar of Fedhas.
  3458 | D:4      | Reached skill level 5 in Spellcasting
  4012 | D:4      | Got a bloodstained whip
  4077 | D:4      | Found an ancient bone altar of Kikubaaqudgha.
  4247 | D:4      | Learned a level 2 spell: Swiftness
  4271 | D:5      | Entered Level 5 of the Dungeon
  4332 | D:5      | Found Kouphoh's Antique Weapon Shoppe.
  4335 | D:5      | Identified the +2 whip "Kufiwn" {drain, MR+ Int+3} (You found it on level 4 of the Dungeon)
  4352 | D:5      | Noticed a sky beast
  4361 | D:5      | Killed a sky beast
  4361 | D:5      | Reached * piety under Vehumet
  4361 | D:5      | Offered knowledge of Sting by Vehumet.
  4361 | D:5      | Reached skill level 7 in Fire Magic
  4361 | D:5      | Reached XP level 7. HP: 15/36 MP: 9/17
  4564 | D:5      | Reached skill level 1 in Air Magic
  4644 | D:5      | Noticed Menkaure
  4650 | D:5      | Killed Menkaure
  5227 | D:5      | Found Cuun's Distillery.
  5282 | D:5      | Learned a level 1 spell: Shock
  5310 | D:5      | Found an iron altar of Okawaru.
  5356 | D:5      | Reached XP level 8. HP: 41/41 MP: 5/19
  5655 | D:5      | Reached skill level 5 in Conjurations
  5706 | D:5      | Noticed Blork the orc
  5712 | D:5      | Found a staircase to the Ecumenical Temple.
  5736 | D:5      | Killed Blork the orc
  5736 | D:5      | Reached skill level 8 in Fire Magic
  5854 | Temple   | Entered the Ecumenical Temple
  5947 | D:5      | Found Powkoof's Jewellery Shoppe.
  6141 | D:6      | Noticed a hippogriff
  6141 | D:6      | Reached ** piety under Vehumet
  6141 | D:6      | Offered knowledge of Searing Ray by Vehumet.
  6585 | D:6      | Killed a hippogriff
  6616 | D:6      | Reached skill level 9 in Fire Magic
  7114 | D:7      | Reached XP level 9. HP: 42/45 MP: 16/21
  7308 | D:7      | Found a hazy altar of Hepliaklqana.
  7535 | D:7      | Reached skill level 10 in Fire Magic
  7547 | D:7      | Reached skill level 5 in Air Magic
  7963 | D:7      | Learned a level 5 spell: Fireball
  7968 | D:7      | Learned a level 4 spell: Airstrike
  7988 | D:7      | Found a shimmering altar of Xom.
  8058 | D:7      | Offered knowledge of Mephitic Cloud by Vehumet.
  8318 | D:7      | Reached XP level 10. HP: 50/50 MP: 17/24
  8390 | D:8      | Reached skill level 11 in Fire Magic
  8394 | D:8      | Found a flagged portal.
  8479 | Bailey   | Entered a bailey
  8550 | Bailey   | Reached *** piety under Vehumet
  8872 | Bailey   | Offered knowledge of Fulminant Prism by Vehumet.
  8967 | Bailey   | Noticed an orc knight
  8969 | Bailey   | Noticed an orc warlord
  8985 | Bailey   | Killed an orc knight
  9287 | D:8      | Found a white marble altar of Elyvilon.
  9653 | D:8      | Found Xeul's Jewellery Emporium.
  9802 | D:9      | Reached **** piety under Vehumet
  9819 | D:9      | Noticed a two-headed ogre
  9832 | D:9      | Killed a two-headed ogre
  9832 | D:9      | Reached skill level 10 in Spellcasting
  9832 | D:9      | Reached skill level 12 in Fire Magic
  9956 | D:9      | Found Esorphuf's Magic Scroll Shoppe.
  9980 | D:9      | Offered knowledge of Lee's Rapid Deconstruction by Vehumet.
 10196 | D:9      | Found a basalt altar of Yredelemnul.
 10230 | D:9      | Found Ylit's Armour Emporium.
 10242 | D:9      | Found Estrawk's Weapon Shop.
 10411 | D:9      | Found Ehygeuf's Food Boutique.
 10436 | D:9      | Found a staircase to the Lair.
 10451 | D:9      | Got a heavily runed ring mail
 10778 | D:10     | Entered Level 10 of the Dungeon
 10821 | D:10     | Reached XP level 11. HP: 29/54 MP: 23/27
 10970 | D:10     | Noticed jesusflecha's ghost (journeyman GrFi)
 11166 | D:10     | Killed jesusflecha's ghost
 11544 | D:10     | Noticed a two-headed ogre
 11554 | D:10     | Killed a two-headed ogre
 11852 | D:10     | Noticed a vault guard
 11861 | D:10     | Killed a vault guard
 11861 | D:10     | Reached skill level 1 in Evocations
 12066 | D:10     | Found a portal to a secret trove of treasure.
 12347 | D:11     | Reached skill level 13 in Fire Magic
 12592 | D:11     | Reached skill level 5 in Dodging
 12594 | D:11     | Reached ***** piety under Vehumet
 12968 | D:11     | Offered knowledge of Olgreb's Toxic Radiance by Vehumet.
 13151 | D:11     | Found a staircase to the Orcish Mines.
 13165 | D:11     | Found a roughly hewn altar of Beogh.
 14087 | Lair:1   | Entered Level 1 of the Lair of Beasts
 14206 | Lair:1   | Noticed a five-headed hydra
 14212 | Lair:1   | Killed a five-headed hydra
 14212 | Lair:1   | Reached XP level 12. HP: 59/59 MP: 12/29
 14609 | Lair:1   | Reached skill level 10 in Conjurations
 14765 | Lair:1   | Reached skill level 14 in Fire Magic
 14824 | Lair:1   | Noticed a five-headed hydra
 14830 | Lair:1   | Killed a five-headed hydra
 15947 | Lair:2   | Found a staircase to the Snake Pit.
 16340 | Lair:2   | Reached skill level 5 in Evocations
 16913 | Lair:2   | Noticed a six-headed hydra
 16920 | Lair:2   | Killed a six-headed hydra
 17086 | Lair:2   | Offered knowledge of Iskenderun's Mystic Blast by Vehumet.
 17369 | Lair:2   | Identified the +4 ring mail of the Sneaky Planets {rPois MR- Str+2} (You found it on level 9 of the Dungeon)
 17975 | Lair:3   | Reached skill level 15 in Fire Magic
 18313 | Lair:3   | Learned a level 4 spell: Iskenderun's Mystic Blast
 18325 | Lair:3   | Reached XP level 13. HP: 22/63 MP: 31/31
 18327 | Lair:3   | Mangled by a swamp worm

Skill      XL: |  1  2  3  4  5  6  7  8  9 10 11 12 |
---------------+-------------------------------------+-----
Conjurations   | 2 3 4 6 7 8 9 10 | 10.8
Fire Magic     | 4 5 7 9 10 12 13 15 | 15.0
Spellcasting   | 4 5 6 7 8 10 11 12 | 12.4
Air Magic      | 2 4 5 6 |  6.0
Dodging        | 3 6 8 |  8.0
Evocations     | 3 5 |  5.9
Stealth        | |  2.4

Action                   |  1- 3 |  4- 6 |  7- 9 | 10-12 | 13-15 || total
-------------------------+-------+-------+-------+-------+-------++-------
Melee: Dagger            |       |    29 |       |       |       ||    29
       Whip              |       |       |    15 |     6 |       ||    21
 Cast: Flame Tongue      |    64 |    98 |   218 |   741 |     1 ||  1122
       Conjure Flame     |       |     2 |    14 |    27 |       ||    43
       Shock             |       |       |    37 |    22 |       ||    59
       Sticky Flame      |       |       |     8 |    33 |       ||    41
       Fireball          |       |       |     2 |    81 |     1 ||    84
       Swiftness         |       |       |     1 |     7 |       ||     8
  Use: Scroll            |       |     4 |     4 |     8 |       ||    16
       Potion            |       |       |       |     1 |       ||     1
  Eat: Chunk             |     1 |     2 |    11 |    34 |       ||    48
       Meat ration       |       |     1 |       |       |       ||     1
       Bread ration      |       |     1 |       |       |       ||     1
       Fruit             |       |       |       |     4 |       ||     4
Armor: Robe              |    11 |    24 |    18 |    35 |       ||    88
Dodge: Dodged            |    19 |    64 |    44 |   161 |       ||   288
